 Dungeon Crawl Stone Soup version 0.30.1-9-gdf580d7c3d (webtiles) character file.

Game seed: 13677850273757298799

37 sizableburger the Trooper (level 3, -1/33 (39) HPs)
             Began as an Ogre Reaver on Oct 13, 2023.
             Slain by a hobgoblin (4 damage)
             ... led by Robin
             ... on level 2 of the Dungeon on Oct 22, 2023.
             The game lasted 00:02:02 (1079 turns).

sizableburger the Trooper (Ogre Reaver)             Turns: 1079, Time: 00:02:02

HP:   -1/33 (39)    AC:  3    Str: 16 (18) XL:     3   Next: 41%
MP:   6/6           EV:  9    Int: 11 (14) God:
Gold: 64            SH:  0    Dex:  6 (7)  Spells: 5/6 levels left

rFire   . . .        a - +0 mace
rCold   . . .        (no shield)
rNeg    . . .        b - +0 robe
rPois   .            (helmet restricted)
rElec   .            (no cloak)
rCorr   .            (gloves unavailable)
SInv    .            (boots unavailable)
Will    .....        (no amulet)
Stlth   +            (no ring)
HPRegen 0.25/turn    (no ring)
MPRegen 0.10/turn

%: no passive effects
@: heavily drained
A: large, unfitting armour, tough skin 1
a: no special abilities


You were on level 2 of the Dungeon.
You visited 1 branch of the dungeon, and saw 2 of its levels.

You collected 64 gold pieces.

Inventory:

Hand Weapons
 a - a +0 mace (weapon)
Armour
 b - a +0 robe (worn)
Scrolls
 c - a scroll of poison {unknown}
 d - a scroll of fog {unknown}
 f - a scroll of identify {unknown}


   Skills:
 + Level 4.0 Fighting
 + Level 3.4 Maces & Flails
 - Level 1.7 Dodging
 - Level 2.4 Spellcasting
 - Level 2.6 Conjurations


You had 5 spell levels left.
You knew the following spells:

 Your Spells              Type           Power      Damage    Failure   Level
a - Kiss of Death         Conj/Necr      16%        2d6       16%         1

Your spell library contained the following spells:

 Spells                   Type           Power      Damage    Failure   Level
 Momentum Strike          Conj/Tloc      8%         3d8       24%         2
 Hailstorm                Conj/Ice       4%         3d4       43%         3


Dungeon Overview and Level Annotations

Branches:
Dungeon (2/15)

Altars:


Innate Abilities, Weirdness & Mutations

You are too large for most types of armour.
You have tough skin. (AC +1)


Message History

You are too injured to fight recklessly!
You closely miss Robin.
Robin is severely wounded.
Robin roars a battlecry!
You hear a shout!
You closely miss Robin.
Robin is severely wounded.
Robin says, "Bow before me, strongest of all the hobgoblins!"
Robin hits you with a +0 mace. Robin barely misses you.
You hit Robin.
Robin is severely wounded.
Robin hits you with a +0 mace!
* * * LOW HITPOINT WARNING * * *
You barely miss Robin.
Robin is severely wounded.
The goblin no longer looks unusually strong.
Robin hits you with a +0 mace.
* * * LOW HITPOINT WARNING * * *
You closely miss Robin.
Robin is severely wounded.
A hobgoblin comes into view.
Robin hits you but does no damage.
You aren't carrying any potions.
You closely miss Robin.
Robin is severely wounded.
Robin throws the goblin at you! Robin hits you but does no damage.
The goblin hits you but does no damage.
You hit Robin.
You kill Robin!
The goblin hits you with a +0 club.
* * * LOW HITPOINT WARNING * * *
Your Fighting skill increases to level 4!
You sock the goblin!
You kill the goblin!
The hobgoblin misses you.
You closely miss the hobgoblin. The hobgoblin hits you.
* * * LOW HITPOINT WARNING * * *
You barely miss the hobgoblin. The hobgoblin barely misses you.
The hobgoblin hits you.
You die...

#.. ......
#..###g.....
#.).....>...
#..g.†......
#.#...#.....
#.##.####...
#.........##
####.#########.
#.)g@)......
############


You could see a hobgoblin.

Vanquished Creatures
  Robin (D:2)
  A dart slug (D:2)
  2 ball pythons
  An endoplasm (D:1)
  2 giant cockroaches (D:1)
  9 goblins
  A hobgoblin (D:1)
  3 kobolds (D:1)
20 creatures vanquished.

Notes
Turn   | Place    | Note
-------+----------+-------------------------------------------
     0 | D:1      | sizableburger the Ogre Reaver began the quest for the Orb.
     0 | D:1      | Reached XP level 1. HP: 22/22 MP: 3/3
   240 | D:1      | Reached skill level 3 in Fighting
   426 | D:1      | Reached XP level 2. HP: 25/31 MP: 5/5
  1049 | D:2      | Noticed Robin
  1063 | D:2      | Reached XP level 3. HP: 29/39 MP: 6/6
  1076 | D:2      | Killed Robin
  1077 | D:2      | Reached skill level 4 in Fighting
  1079 | D:2      | Slain by a hobgoblin

Illustrated notes

Levels and vault maps discovered:
D:1:      minmay_arrival_solitary_statue, layout_basic
D:2:      layout_loops_ring, serial_shops, nicolae_shop_behind_doors,
          guppyfry_early_orc_mine, uniq_crazy_yiuf_cottage, uniq_robin,
          uniq_sigmund

Skill      XL: |  1  2  3 |
---------------+----------+-----
Fighting       | 3 4 |  4.0
Maces & Flails | 3 |  3.4
Dodging        | |  1.7
Spellcasting   | |  2.4
Conjurations   | |  2.6

Action                     || total
---------------------------++-------
  Melee: Mace              ||    82
         Punch             ||     2
   Cast: Kiss of Death     ||     1
    Use: Potion            ||     3
 Armour: Robe              ||    29
  Dodge: Dodged            ||    47
